 Dungeon Crawl Stone Soup version 0.17-a0-1450-g7e755d1 (webtiles) character file.

19 Sirial the Vexing (level 2, 0/15 HPs)
             Began as a Deep Elf Enchanter on June 30, 2015.
             Slain by a goblin
             ... wielding a +0 spear
             ... led by Robin
              (2 damage)
             ... on level 2 of the Dungeon.
             The game lasted 00:05:02 (1159 turns).

Sirial the Vexing (Deep Elf Enchanter)              Turns: 1159, Time: 00:05:03

Health: 0/15       AC:  3    Str:  5    XL:     2   Next: 55%
Magic:  8/8        EV: 13    Int: 24    God:
Gold:   48         SH:  0    Dex: 15    Spells: 2 memorised, 4 levels left

rFire  . . .     SeeInvis .     a - +1 dagger
rCold  . . .     Clarity  .     b - +1 robe
rNeg   . . .     SustAt   .     (no shield)
rPois  .         Gourm    .     (no helmet)
rElec  .         Spirit   .     (no cloak)
rCorr  .         Warding  .     (no gloves)
rMut   .         Stasis   .     (no boots)
MR     .....                    (no amulet)
Stlth  +++.......               (no ring)
                                (no ring)

@: brilliant, very slightly contaminated, invisible, not resistant to hostile
enchantments, fairly stealthy
A: no striking features
a: no special abilities


You were on level 2 of the Dungeon.
You were not hungry.

You visited 1 branch of the dungeon, and saw 2 of its levels.

You collected 48 gold pieces.

Inventory:

Hand weapons
 a - a +1 dagger (weapon)
Missiles
 i - 19 arrows
Armour
 b - a +1 robe (worn)
 o - a +1 ring mail of poison resistance
 p - a +0 cloak
Jewellery
 q - a cursed amulet of inaccuracy {unknown}
Scrolls
 e - a scroll of fear {unknown}
 j - a scroll of amnesia
Potions
 g - a potion of invisibility
 l - a potion of degeneration {unknown}
 n - a potion of curing {unknown}
Books
 c - a book of Maledictions

   Spells                             Type                      Level
   a - Corona                         Hexes                        1
   b - Ensorcelled Hibernation        Hexes/Ice                    2
   c - Confuse                        Hexes                        3
   d - Tukima's Dance                 Hexes                        3
   e - Dazzling Spray                 Conjuration/Hexes            3
 m - a book of Fire

   Spells                             Type                      Level
   a - Ignite Poison                  Fire/Transmutation/Poison    3
   b - Fireball                       Conjuration/Fire             5
   c - Bolt of Fire                   Conjuration/Fire             6
   d - Delayed Fireball               Conjuration/Fire             7
   e - Ring of Flames                 Charms/Fire                  7
Comestibles
 k - a beef jerky


   Skills:
 + Level 0.1 Fighting
 + Level 1.0 Short Blades
 + Level 2.8 Dodging
 + Level 4.1 Stealth
 + Level 3.3 Spellcasting
 + Level 4.2 Hexes


You had 4 spell levels left.
You knew the following spells:

 Your Spells              Type           Power        Failure   Level  Hunger
a - Corona                Hex            #####..      1%          1    None
b - Ensorcelled Hibernat  Hex/Ice        ####..       1%          2    #......


Dungeon Overview and Level Annotations

Branches:
Dungeon (2/15)

Altars:

Annotations:
D:2 Robin


Message History

You hit the goblin.
You kill the goblin!
You closely miss the goblin. The goblin hits you.
The goblin closely misses you.
You closely miss the goblin. The goblin hits you.
* * * LOW HITPOINT WARNING * * *
The goblin barely misses you.
Drink which item? (? for menu, Esc to quit)
You fade into invisibility!
The goblin barely misses you. The goblin misses you.
You are very lightly contaminated with residual magic.
Drink which item? (? for menu, Esc to quit)
It was a potion of magic.
Magic courses through your body. The goblin barely misses you.
The goblin closely misses you.
Drink which item? (? for menu, Esc to quit)
It was a potion of brilliance.
You feel clever all of a sudden. The goblin barely misses you.
The goblin hits you from afar with a spear.
You die... ##...## .g..... #.....# ....! #.....# ..... #.....# .g. ##...## ggg

#..## #g#
##..# #g#
#...# #g#
..#.###
##@#
.##...#
##).#
.####.##
##(.## ##
#..#
###..## #
##)#
##.).## #
#.###..###
#
##.##..##
##..(..##
###...####


You could see Robin, a hobgoblin (frenzied) and 5 goblins.

Vanquished Creatures
  4 hobgoblins
  3 kobolds
  A bat (D:1)
  A giant cockroach (D:1)
  2 giant newts (D:1)
  6 goblins
  4 rats
21 creatures vanquished.

Notes
Turn   | Place    | Note
--------------------------------------------------------------
     0 | D:1      | Sirial the Deep Elf Enchanter began the quest for the Orb.
     0 | D:1      | Reached XP level 1. HP: 10/10 MP: 6/6
   452 | D:1      | Reached XP level 2. HP: 13/15 MP: 5/8
   456 | D:1      | Learned a level 2 spell: Ensorcelled Hibernation
  1140 | D:2      | Noticed Robin
  1159 | D:2      | Slain by a goblin

Vault maps used:
D:1:      evilmike_arrival_hilbert_curve, serial_co_window_serial,
          co_window_paths_b, co_window_paths_a, co_window_paths_b,
          co_window_corner_a, co_window_corner_a, co_window_broadway_b,
          co_window_corner_b, co_window_corner_b, co_window_of_opportunity_c,
          glass_columns_a
D:2:      st_stairs_10, uniq_crazy_yiuf_cottage, uniq_robin, uniq_iyjb

Action                   || total
-------------------------++-------
Melee: Dagger            ||    46
 Cast: Corona            ||    16
       Ensorcelled Hiber ||    11
  Use: Scroll            ||     4
       Potion            ||     3
 Stab: Sleeping          ||     6
  Eat: Bread ration      ||     1
